 Dungeon Crawl Stone Soup version 0.30-a0-377-g5cb311bc9f (webtiles) character file.

Game seed: 8453002895699762474

9 tio the Conjurer (level 2, -2/20 HPs)
             Began as a Draconian Conjurer on Nov 28, 2022.
             Frozen to death by an endoplasm (4 damage)
             ... on level 1 of the Dungeon.
             The game lasted 00:01:26 (412 turns).

tio the Conjurer (Draconian Conjurer)                Turns: 412, Time: 00:01:27

Health: -2/20      AC:  4    Str:  9    XL:     2   Next: 3%
Magic:  1/5        EV: 12    Int: 18    God:
Gold:   12         SH:  0    Dex:  9    Spells: 4/5 levels left

rFire   . . .      SeeInvis .    b - +0 mace
rCold   . . .      Faith    .    (no shield)
rNeg    . . .      Spirit   .    (body armour unavailable)
rPois   .          Reflect  .    (helmet restricted)
rElec   .          Harm     .    (no cloak)
rCorr   .          Rampage  .    (no gloves)
Will    .....                    (no boots)
Stlth   ++........               (no amulet)
HPRegen 0.23/turn                (no ring)
MPRegen 0.09/turn                (no ring)

@: no status effects
A: AC +4, unfitting armour, cold-blooded
a: no special abilities


You were on level 1 of the Dungeon.
You visited 1 branch of the dungeon, and saw 1 of its levels.

You collected 12 gold pieces.

Inventory:

Hand Weapons
 b - a +0 mace (weapon)
Potions
 a - a potion of magic


   Skills:
 + Level 0.1 Maces & Flails
 + Level 1.7 Dodging
 + Level 1.8 Stealth
 + Level 2.1 Spellcasting
 + Level 4.3 Conjurations


You had 4 spell levels left.
You knew the following spells:

 Your Spells              Type           Power      Damage    Failure   Level
a - Magic Dart            Conj           68%        1d6       3%          1

Your spell library contained the following spells:

 Spells                   Type           Power      Damage    Failure   Level
 Searing Ray              Conj           34%        2d5       4%          2
 Dazzling Flash           Conj/Hex       18%        N/A       22%         3
 Fulminant Prism          Conj/Hex       4%         3d5       58%         4
 Iskenderun's Mystic Bla  Conj/Tloc      9%         2d4       58%         4


Dungeon Overview and Level Annotations

Branches:
Dungeon (1/15)

Altars:


Innate Abilities, Weirdness & Mutations

Your plain brown scales are hard. (AC +4)
You cannot fit into any form of body armour.
You are cold-blooded and may be slowed by cold attacks.


Message History

The quokka is lightly wounded.
The quokka barely misses you. The endoplasm freezes you.
You are frozen.
The quokka barely misses you.
You barely miss the quokka.
Your tail-slap misses the quokka.
The quokka is lightly wounded.
The endoplasm barely misses you. The quokka barely misses you.
The endoplasm freezes you.
You are frozen.
You barely miss the quokka.
Your tail-slap misses the quokka.
The quokka is lightly wounded.
The quokka bites you. The endoplasm closely misses you.
The quokka bites you but does no damage.
You barely miss the quokka.
The quokka is lightly wounded.
The quokka bites you but does no damage.
The endoplasm freezes you.
You are frozen.
You feel yourself slow down. The quokka barely misses you.
You hit the quokka but do no damage.
The quokka is lightly wounded.
You feel yourself speed up. The endoplasm closely misses you.
The quokka closely misses you. The endoplasm hits you. The quokka bites you.
The endoplasm freezes you.
You are frozen.
* * * LOW HITPOINT WARNING * * *
You hit the quokka. You tail-slap the quokka.
You kill the quokka!
The endoplasm closely misses you.
You have reached level 2!
The endoplasm freezes you.
You are frozen.
* * * LOW HITPOINT WARNING * * *
You feel yourself slow down.
You see here a quokka corpse.
The endoplasm hits you but does no damage.
You feel yourself speed up. The endoplasm freezes you.
You are frozen.
You die...

#..##..#...#.#
######### #.).....
.##.##.##.##.#
#.......# #.......
.#..###.#§§#.#
#.......# ####'##'
.#(## ##.§#.# #.......#
#.##. ##.# ##§#..
#.......# #.##. #.##
.##.##.......######.##.
.#.#
###..........#......##.
≈#.#
#...........########
#.#### #.[@J†......#
##...## #....).....##
####.# #...†......#
#..## #..........# ####
#.......>..+
#..........#
#..........#
#[.........#


You could see an endoplasm.

Vanquished Creatures
  A bat (D:1)
  A hobgoblin (D:1)
  2 quokkas (D:1)
  A ball python (D:1)
  A frilled lizard (D:1)
  A kobold (D:1)
  2 rats (D:1)
9 creatures vanquished.

Notes
Turn   | Place    | Note
-------+----------+-------------------------------------------
     0 | D:1      | tio the Draconian Conjurer began the quest for the Orb.
     0 | D:1      | Reached XP level 1. HP: 14/14 MP: 3/3
   410 | D:1      | Reached XP level 2. HP: 3/20 MP: 1/5
   410 | D:1      | HP: 1/20 [frozen (2)]
   412 | D:1      | Frozen to death by an endoplasm

Illustrated notes

Levels and vault maps discovered:
D:1:      dpeg_arrival_brainrot, layout_basic, chequers_serial_rivers_room_a

Action                   || total
-------------------------++-------
Melee: Mace              ||    13
       Tailslap          ||     2
 Cast: Magic Dart        ||    13
Armor: Skin              ||     7
Dodge: Dodged            ||    19

Table legend: (Time is in decaauts)
 A = Elapsed time spent in this place.
 B = Non-inter-level travel time spent in this place.
 C = Inter-level travel time spent in this place.
 D = Time resting spent in this place.
 E = Time spent auto-exploring this place.
 F = Levels seen in this place.
 G = Mean time per level.
                   A        B        C        D        E       F      G
               +--------+--------+--------+--------+--------+-----+--------+
         Total |    417 |    403 |     14 |      0 |    344 |   1 |  417.0 |
       Dungeon |    417 |    403 |     14 |      0 |    344 |   1 |  417.0 |
               +--------+--------+--------+--------+--------+-----+--------+

Top non-repeatable levels by time:
     D:1: 417 daAuts
